 Dungeon Crawl Stone Soup version 0.29-a0-321-gf1c400731a (webtiles) character file.

Game seed: 16496913370304778155

121 wakim the Insei (level 5, 0/34 HPs)
             Began as an Octopode Transmuter on Apr 4, 2022.
             Succumbed to an adder's poison
             ... on level 5 of the Dungeon.
             The game lasted 00:09:53 (4187 turns).

wakim the Insei (Octopode Transmuter)               Turns: 4187, Time: 00:09:53

Health: 0/34       AC:  1    Str:  9    XL:     5   Next: 5%
Magic:  8/8        EV: 13    Int: 17    God:
Gold:   170        SH:  0    Dex: 13    Spells: 0/8 levels left

rFire   . . .      SeeInvis .   b - +4 whip
rCold   . . .      Faith    .   (no shield)
rNeg    . . .      Spirit   .   (helmet currently unavailable)
rPois   +          Reflect  .   Y - amulet of magic regeneration
rElec   .          Harm     .   T - ring of poison resistance
rCorr   .          Rampage  .   (no ring)
Will    .....                   (no ring)
Stlth   +++.......              (no ring)
HPRegen 0.11/turn               (no ring)
MPRegen 0.51/turn               (no ring)
                                (no ring)
                                (no ring)

@: lethally poisoned (0 -> -5), appendages (expiring)
A: tentacle spike 3, almost no armour, amphibious, 8 rings, camouflage 1,
gelatinous body 1, (nimble swimmer 1), tentacles
a: End Transformation


You were on level 5 of the Dungeon.
One of your tentacles had grown a beastly spike.
You visited 1 branch of the dungeon, and saw 5 of its levels.

You collected 170 gold pieces.

Inventory:

Hand Weapons
 b - a +4 whip (weapon)
 H - a +4 dagger
Missiles
 Q - 11 poisoned darts
Jewellery
 T - a ring of poison resistance (left tentacle)
 W - an amulet of the acrobat
 Y - an amulet of magic regeneration (around mantle)
Scrolls
 G - a scroll of brand weapon {unknown}
 J - a scroll of torment {unknown}
 M - a scroll of silence {unknown}
 N - 2 scrolls of amnesia {unknown}
 O - a scroll of fear {unknown}
 R - 2 scrolls of magic mapping {!r}
 U - 2 scrolls of teleportation {unknown}
 V - a scroll of enchant armour {unknown}
 Z - a scroll of enchant weapon {unknown}
Potions
 D - a potion of degeneration {unknown}
 E - a potion of haste {unknown}
 F - 4 potions of curing
 I - 2 potions of invisibility
 K - a potion of ambrosia {unknown}
 L - a potion of lignification {!q}
 P - 2 potions of magic {unknown}
 S - 2 potions of attraction {unknown}
 X - a potion of brilliance {unknown}


   Skills:
 + Level 2.1 Fighting
 - Level 2.0 Dodging
 - Level 3.0 Stealth
 * Level 4.2 Unarmed Combat
 + Level 2.0 Spellcasting
 * Level 2.6 Transmutations


You couldn't memorise any spells.
You knew the following spells:

 Your Spells              Type           Power      Damage    Failure   Level
a - Beastly Appendage     Tmut           20%        N/A       7%          1
c - Ice Form              Ice/Tmut       6%         N/A       75%         4
x - Spider Form           Tmut/Pois      6%         N/A       34%         3

Your spell library contained the following spells:

 Spells                   Type           Power      Damage    Failure   Level
 Wereblood                Tmut           10%        N/A       10%         2
 Passwall                 Tmut/Erth      5%         N/A       17%         2
 Corpse Rot               Necr/Air       2%         N/A       28%         2
 Ensorcelled Hibernation  Hex/Ice        2%         N/A       28%         2
 Inner Flame              Hex/Fire       1%         N/A       50%         3
 Swiftness                Air            1%         N/A       50%         3
 Cause Fear               Hex            0%         N/A       88%         4
 Dispel Undead            Necr           1%         3d6       88%         4
 Death Channel            Necr           0%         N/A       100%        6
 Discord                  Hex            0%         N/A       100%        8


Dungeon Overview and Level Annotations

Branches:
Dungeon (5/15)
 Temple: D:4-7

Altars:
Elyvilon
Kikubaaqudgha
Xom
Yredelemnul
Zin

Annotations:
D:3 exclusion: sky beast


Innate Abilities, Weirdness & Mutations

One of your tentacles has grown a beastly spike.
You cannot wear most types of armour.
You are amphibious.
You can wear up to eight rings at the same time.
Your skin changes colour to match your surroundings (Stealth+).
Your rubbery body absorbs attacks. (AC +1, EV +1)
((You are camouflaged when in or above water. (Stealth+)))
You have tentacles for arms and can constrict up to eight enemies at once.


Message History

An adder comes into view.
A scorpion comes into view.
The scorpion moves out of view.
A jackal comes into view.
One of your tentacles grows a vicious spike.
You hit the water moccasin. Your grab misses the water moccasin.
Your squeeze misses the water moccasin.
The water moccasin is moderately wounded.
The water moccasin bites you. 29/34 (-5)
You closely miss the water moccasin. Your grab misses the water moccasin.
Your tentacle spike misses the water moccasin.
The water moccasin is moderately wounded.
Your transformation is almost over.
The water moccasin bites you! x2
* * * LOW HITPOINT WARNING * * *
11/34 (-18)
You miss the water moccasin. Your grab misses the water moccasin.
The water moccasin is moderately wounded.
The water moccasin bites you.
* * * LOW HITPOINT WARNING * * *
The orc barely misses you. 5/34 (-6) Unknown command.
Okay, then.
The orc barely misses you.
The water moccasin bites you but does no damage.
The water moccasin attacks as you move away!
The water moccasin barely misses you. The orc barely misses you.
The water moccasin attacks as you move away!
The water moccasin barely misses you.
A kobold comes into view. It is wielding a +0 whip.
The adder attacks as you move away! The adder bites you.
* * * LOW HITPOINT WARNING * * *
You are lethally poisoned!
The adder poisons you!
* * * LOW HITPOINT WARNING * * *
You feel sick. The orc misses you.
The scorpion closely misses you. 1/34 (-4)
You die...

#####
###########....###
#.......##........
####......S.....#
..........h##..#.#
.####..S......#.#
###.So..##.##.#
#....s..##.# #?8
######..@..####.#
#[#
##...##.......##.#
#.#
#<.#.....<....##..
#. #.####........#
#..# #......^....
#.###..#.....###.K
.. ............ ..
.................
........##########


You could see a water moccasin, a scorpion, 2 adders, an orc, a jackal and a
kobold (wandering).

Vanquished Creatures
  5 adders
  4 dart slugs
  4 orcs (D:4)
  2 bats
  5 endoplasms
  5 giant cockroaches
  2 hobgoblins
  3 jackals (D:3)
  8 kobolds
  5 quokkas
  4 ball pythons
  2 frilled lizards (D:3)
  7 goblins
  5 rats
61 creatures vanquished.

Notes
Turn   | Place    | Note
-------+----------+-------------------------------------------
     0 | D:1      | wakim the Octopode Transmuter began the quest for the Orb.
     0 | D:1      | Reached XP level 1. HP: 13/13 MP: 3/3
   232 | D:1      | Reached skill level 1 in Stealth
   364 | D:1      | Reached XP level 2. HP: 15/18 MP: 3/5
  1254 | D:1      | !bestwep
  1499 | D:2      | Found a basalt altar of Yredelemnul.
  1586 | D:2      | Reached XP level 3. HP: 23/23 MP: 4/6
  2336 | D:2      | Learned a level 3 spell: Spider Form
  2353 | D:3      | Found a shimmering altar of Xom.
  2660 | D:3      | Found a faded altar of an unknown god.
  2946 | D:3      | Found an ancient bone altar of Kikubaaqudgha.
  2946 | D:3      | Noticed a sky beast
  2968 | D:3      | Found a white marble altar of Elyvilon.
  2972 | D:3      | Reached XP level 4. HP: 29/29 MP: 7/7
  3466 | D:4      | !bestwep
  3565 | D:4      | !bestwep
  3841 | D:4      | Reached skill level 4 in Unarmed Combat
  3978 | D:4      | Found a glowing silver altar of Zin.
  4048 | D:4      | Reached XP level 5. HP: 32/34 MP: 8/8
  4054 | D:4      | Learned a level 4 spell: Ice Form
  4152 | D:5      | Entered Level 5 of the Dungeon
  4174 | D:5      | Noticed a water moccasin
  4186 | D:5      | HP: 1/34 [poisoned by an adder]
  4187 | D:5      | Succumbed to an adder's poison

Illustrated notes

#.##..#...#.# #....#.#.#
#.##..#.#.#.# #.#....#..
#.##..#.#.#.###.#..#.#.#
#.##......#(#....###...#
#.##..#...#.#....###.#..
#.##........#....##..##.
#.##)##.#.###....###....
#.........# #....# ##.##
####.##@..# ###.## ####
#....#.# #...# #...
#...##.# ###.### #...
#... >.# #....# #...
#... ..# #....# #...
#... ..# #....# #...
#### .# #..).# #...
#....####.# #.........#


Turn 1254 on D:1: !bestwep .##..##.#...# .# .# ..##..#.....##.##.#
..##.............# ...$.#.....#..# ..##### #.#......##.###......#
#..............##....# #.#.....##........... #...#......#.)##....
#.#!@......#.## .. # #...###....# .....# #....# .....#.# #<..## .......#.##...>#
......##.##!#....# ...... .....#.##..# ...".# .###... #... # #.... ... Turn 3466
on D:4: !bestwep .. #. #.## ... ##.. #... #..)### #......# #. #..)@.###...... ..
.##..##..##.#...# .# .# ......##..#.....##.##.# .###....##.............#
#.......#.....#..# ..# ...#.#.#......##.###... #..............##.
##.#.....##....... #...#......#.)##. Turn 3565 on D:4: !bestwep

Levels and vault maps discovered:
D:1:      amcnicky_arrival_feature_with_door, layout_basic,
          nicolae_concentric_dashed_squares_mild
D:2:      layout_loops_corners, basic_altar
D:3:      layout_loops_ring, mainiacjoe_overflow_two_lobes, xom_teletrap_fun,
          serial_aquarium, aquarium_bridge_straight [aquarium_subvault_bridge,
          aquarium_subvault_window, aquarium_subvault_bridge,
          aquarium_subvault_wall], aquarium_bridge_square
          [aquarium_subvault_wall, aquarium_subvault_bridge,
          aquarium_subvault_window, aquarium_subvault_wall],
          aquarium_window_corner, aquarium_window_1, aquarium_view_2d,
          aquarium_view_2c, chequers_ecumenical_altar_island
D:4:      layout_rooms, lemuel_tele_altar, hangedman_abyss_or_decor_lesser_grid
D:5:      gammafunk_wand_slinger, layout_rooms, serial_shops, shop_fountains,
          minmay_circle_x

Skill      XL: |  1  2  3  4 |
---------------+-------------+-----
Stealth        | 1 2 3 |  3.0
Unarmed Combat | 4 |  4.2
Fighting       | 2 |  2.1
Dodging        | |  2.0
Spellcasting   | |  2.0
Transmutations | |  2.6

Action                   |  1- 3 |  4- 6 || total
-------------------------+-------+-------++-------
Melee: Unarmed           |    30 |       ||    30
       Constrict         |    16 |     9 ||    25
       Tentacles         |     9 |     3 ||    12
       Kick              |    17 |    13 ||    30
       Punch             |     2 |     1 ||     3
       Whip              |    34 |    40 ||    74
 Cast: Beastly Appendage |    33 |    12 ||    45
  Use: Scroll            |       |     3 ||     3
 Stab: Sleeping          |    12 |     6 ||    18
Armor: Skin              |     1 |     1 ||     2
Dodge: Dodged            |    18 |    28 ||    46

Table legend: (Time is in decaauts)
 A = Elapsed time spent in this place.
 B = Non-inter-level travel time spent in this place.
 C = Inter-level travel time spent in this place.
 D = Time resting spent in this place.
 E = Time spent auto-exploring this place.
 F = Levels seen in this place.
 G = Mean time per level.
                   A        B        C        D        E       F      G
               +--------+--------+--------+--------+--------+-----+--------+
         Total |   4190 |   3968 |    222 |      0 |   3394 |   5 |  838.0 |
       Dungeon |   4190 |   3968 |    222 |      0 |   3394 |   5 |  838.0 |
               +--------+--------+--------+--------+--------+-----+--------+

Top non-repeatable levels by time:
     D:1: 1480 daAuts
     D:3: 1096 daAuts
     D:2: 868 daAuts
     D:4: 709 daAuts
     D:5: 35 daAuts
